 Dungeon Crawl Stone Soup version 0.29-a0-824-gd827844252 (webtiles) character file.

Game seed: 17431492395429706371

1645 buhh the Insei (level 8, -2/57 HPs)
             Began as an Octopode Transmuter on July 9, 2022.
             Killed from afar by a steam dragon (14 damage)
             ... with a ball of steam
             ... on level 8 of the Dungeon.
             The game lasted 00:05:54 (7533 turns).

buhh the Insei (Octopode Transmuter)                Turns: 7533, Time: 00:05:55

Health: -2/57      AC:  1    Str:  9    XL:     8   Next: 99%
Magic:  11/11      EV: 16    Int: 17    God:
Gold:   102        SH:  0    Dex: 19    Spells: 5/11 levels left

rFire   . . .      SeeInvis .     - Unarmed
rCold   . . .      Faith    .   (no shield)
rNeg    . . .      Spirit   .   (helmet currently unavailable)
rPois   .          Reflect  .   d - amulet of magic regeneration
rElec   .          Harm     .   p - +6 ring of dexterity
rCorr   .          Rampage  .   (no ring)
Will    .....                   (no ring)
Stlth   ++........              (no ring)
HPRegen 0.19/turn               (no ring)
MPRegen 0.52/turn               (no ring)
                                (no ring)
                                (no ring)

@: confused, appendages (expiring), ambrosia-drunk, very slightly contaminated
A: tentacle spike 3, almost no armour, amphibious, 8 rings, camouflage 1,
gelatinous body 1, (nimble swimmer 1), tentacles
a: End Transformation


You were on level 8 of the Dungeon.
One of your tentacles had grown a beastly spike.
You visited 1 branch of the dungeon, and saw 7 of its levels.
You also visited: Ossuary.

You collected 258 gold pieces.
You spent 156 gold pieces at shops.

Inventory:

Missiles
 q - a curare-tipped dart
 z - 5 poisoned darts
Jewellery
 d - an amulet of magic regeneration (around mantle)
 p - a +6 ring of dexterity (left tentacle)
 s - the ring "Colo" {rElec MP+9 Str-3 Dex+7}
   (You found it on level 4 of the Dungeon)

   [ring of magical power]

   Str:       It affects your strength (-3).
   Dex:       It affects your dexterity (+7).
   rElec:     It insulates you from electricity.
   MP:        It affects your magic capacity (+9).
Scrolls
 f - 2 scrolls of fog
 g - 5 scrolls of identify {!d}
 i - a scroll of acquirement
 k - 3 scrolls of noise
 l - a scroll of vulnerability {unknown}
 t - a scroll of amnesia {unknown}
 u - a scroll of poison {unknown}
 v - a scroll of teleportation {unknown}
 w - a scroll of summoning {unknown}
 x - a scroll of enchant weapon {unknown}
 y - a scroll of blinking {unknown}
Potions
 a - 3 potions of degeneration {unknown}
 b - a potion of haste {!q!d}
 c - 4 potions of heal wounds {unknown}
 e - a potion of resistance {unknown}
 h - 2 potions of brilliance {!q!d}
 j - a potion of flight {unknown}
 m - 2 potions of mutation {unknown}
 n - 3 potions of curing {unknown}
 o - 2 potions of cancellation {unknown}
 r - 2 potions of berserk rage {unknown}


   Skills:
 + Level 5.9 Fighting
 - Level 6.0 Dodging
 - Level 2.0 Stealth
 - Level 6.0 Unarmed Combat
 - Level 2.0 Spellcasting
 + Level 4.9 Transmutations
 - Level 2.0 Poison Magic


You had 5 spell levels left.
You knew the following spells:

 Your Spells              Type           Power      Damage    Failure   Level
a - Beastly Appendage     Tmut           36%        N/A       2%          1
b - Wereblood             Tmut           18%        N/A       3%          2
c - Spider Form           Tmut/Pois      13%        N/A       14%         3

Your spell library contained the following spells:

 Spells                   Type           Power      Damage    Failure   Level
 Sting                    Tmut/Pois      52%        1d5       4%          1
 Summon Small Mammal      Summ           4%         N/A       19%         1
 Poisonous Vapours        Pois/Air       10%        N/A       19%         2
 Call Canine Familiar     Summ           1%         N/A       50%         3
 Summon Guardian Golem    Hex/Summ       1%         N/A       50%         3
 Ice Form                 Ice/Tmut       10%        N/A       56%         4
 Olgreb's Toxic Radiance  Pois           8%         N/A       63%         4
 Summon Ice Beast         Ice/Summ       1%         N/A       88%         4
 Summon Mana Viper        Hex/Summ       1%         N/A       99%         5
 Malign Gateway           Summ/Tloc      0%         N/A       100%        7
 Monstrous Menagerie      Summ           0%         N/A       100%        7
 Summon Horrible Things   Summ           0%         N/A       100%        8


Dungeon Overview and Level Annotations

Branches:
Dungeon (6/15) Zot: 26959 Ossuary (visited)
 Temple: D:4-7

Altars:
Gozag

Shops:
D:3 *   D:5 *


Innate Abilities, Weirdness & Mutations

One of your tentacles has grown a beastly spike.
You cannot wear most types of armour.
You are amphibious.
You can wear up to eight rings at the same time.
Your skin changes colour to match your surroundings (Stealth+).
Your rubbery body absorbs attacks. (AC +1, EV +1)
((You are camouflaged when in or above water. (Stealth+)))
You have tentacles for arms and can constrict up to eight enemies at once.


Message History

The steam dragon is heavily wounded.
The steam dragon closely misses you. The steam dragon barely misses you.
You miscast Spider Form.
You are very lightly contaminated with residual magic.
Nothing appears to happen.
The steam dragon bites you. The steam dragon completely misses you.
You tentacle-slap the steam dragon but do no damage.
Your tentacle spike misses the steam dragon.
Your squeeze misses the steam dragon.
The steam dragon is heavily wounded.
The steam dragon bites you!
* * * LOW HITPOINT WARNING * * *
The steam dragon misses you.
You barely miss the steam dragon.
Your tentacle spike misses the steam dragon.
Your squeeze misses the steam dragon.
The steam dragon is heavily wounded.
Your transformation is almost over.
The steam dragon bites you.
* * * LOW HITPOINT WARNING * * *
The steam dragon barely misses you.
You closely miss the steam dragon.
You pierce the steam dragon.
The steam dragon is heavily wounded.
The steam dragon breathes steam at you. The ball of steam hits you!
* * * LOW HITPOINT WARNING * * *
Really quaff
A - a potion of ambrosia {!q!d}?
You are confused.
You feel invigorated. The steam dragon barely misses you.
The steam dragon claws you but does no damage.
The steam dragon bites you.
* * * LOW HITPOINT WARNING * * *
The steam dragon claws you.
* * * LOW HITPOINT WARNING * * *
The steam dragon barely misses you. The steam dragon claws you.
* * * LOW HITPOINT WARNING * * *
The steam dragon barely misses you. x2
The steam dragon breathes steam at you. The ball of steam hits you!
You die...

## .. #. #. ### #. ..#
#.##############.#
#.#D#...........##.#
#§§§@§........#.##.#
#...§§§#§#######.#.##.#
########.# #.#.##.# #.#
#####'#....# #.#
#..........# #.#
#.....>....# #.#
#..........# ..#
#..........#
###+#####....


You could see a steam dragon (catching breath).

Vanquished Creatures
  Sigmund (D:3)
  An ice beast (D:5)
  2 black bears
  An ogre (D:5)
  A phantom (D:5)
  An elf zombie (Ossuary)
  A kobold brigand (D:3)
  2 necrophages (D:5)
  2 scorpions
  2 howler monkeys (D:5)
  A centaur zombie (Ossuary)
  3 hounds
  A jelly (D:5)
  Jessica (D:3)
  2 iguanas
  An orc wizard (D:5)
  Natasha (twice) (D:3)
  2 mummies (Ossuary)
  3 gnolls (D:4)
  7 adders
  A white imp (D:5)
  An ufetubus (D:5)
  3 adder zombies (Ossuary)
  A worm (D:3)
  3 dart slugs
  15 orcs
  17 ball pythons
  6 bats
  7 endoplasms
  2 giant cockroaches
  9 goblins
  6 hobgoblins
  4 jackals (D:3)
  5 quokkas
  4 frilled lizards
  2 goblin zombies (Ossuary)
  14 hobgoblin zombies (Ossuary)
  A jackal zombie (Ossuary)
  11 kobolds
  8 kobold zombies (Ossuary)
  6 orc zombies (Ossuary)
  4 rats
  A rat zombie (Ossuary)
168 creatures vanquished.

Notes
Turn   | Place    | Note
-------+----------+-------------------------------------------
     0 | D:1      | buhh the Octopode Transmuter began the quest for the Orb.
     0 | D:1      | Reached XP level 1. HP: 13/13 MP: 3/3
    26 | D:1      | Found a faded altar of an unknown god.
   213 | D:1      | Reached XP level 2. HP: 17/18 MP: 5/5
   524 | D:1      | Reached XP level 3. HP: 15/23 MP: 6/6
   992 | D:2      | Learned a level 2 spell: Wereblood
   996 | D:2      | Learned a level 3 spell: Spider Form
  1189 | D:3      | Noticed a kobold brigand
  1381 | D:2      | Reached XP level 4. HP: 23/29 MP: 7/7
  2692 | D:3      | Reached XP level 5. HP: 34/34 MP: 8/8
  2699 | D:3      | Found the +1 Delatra's gloves {ID++}
  2732 | D:3      | Found Gozag's Platinum Reserve.
  2733 | D:3      | Noticed Jessica
  2736 | D:3      | Found an opulent altar of Gozag.
  2736 | D:3      | Noticed Natasha
  2740 | D:3      | Killed Jessica
  2743 | D:3      | Killed Natasha
  3222 | D:3      | Noticed Sigmund
  3240 | D:3      | Killed Sigmund
  3241 | D:3      | Reached XP level 6. HP: 42/42 MP: 4/9
  3301 | D:3      | Noticed Natasha
  3310 | D:3      | Killed Natasha
  3463 | D:3      | Reached XP level 7. HP: 47/47 MP: 10/10
  3917 | D:4      | Found a sand-covered staircase.
  3922 | Ossuary  | Entered an ossuary
  4350 | Ossuary  | Reached skill level 5 in Unarmed Combat
  4524 | D:4      | Identified the ring "Colo" {rElec MP+9 Str-3 Dex+7}
  5402 | D:5      | Entered Level 5 of the Dungeon
  5408 | D:5      | Reached XP level 8. HP: 48/54 MP: 11/11
  5447 | D:5      | Reached skill level 5 in Dodging
  5882 | D:5      | Reached skill level 5 in Fighting
  6639 | D:5      | Found Fomylan's General Store.
  6649 | D:5      | Identified the +0 ring mail "Vyacuf" {rCorr Str+3}
  6657 | D:5      | Bought a scroll of identify for 26 gold pieces
  6657 | D:5      | Bought a scroll of fog for 26 gold pieces
  6657 | D:5      | Bought a potion of ambrosia for 104 gold pieces
  7492 | D:6      | You fall into a shaft and drop 2 floors!
  7516 | D:8      | Identified a scroll of acquirement
  7533 | D:8      | Killed from afar by a steam dragon

Illustrated notes

Levels and vault maps discovered:
D:1:      sevenhm_arrival_forest_fort_small_6, layout_basic,
          shapermc_ecumenical_altar_ellora
D:2:      layout_basic
D:3:      layout_basic, nicolae_gozag_zags_fifth_avenue, uniq_natasha,
          uniq_jessica, uniq_sigmund
D:4:      layout_layer_cave, enter_ossuary_5
D:5:      layout_layer_cave, serial_shops, shop
D:6:      layout_gridville
D:8:      layout_basic, enter_bailey_2

Skill      XL: |  1  2  3  4  5  6  7  8 |
---------------+-------------------------+-----
Stealth        | 1 2 |  2.0
Poison Magic   | 1 2 |  2.0
Fighting       | 2 3 4 5 |  5.9
Dodging        | 3 4 6 |  6.0
Unarmed Combat | 4 5 6 |  6.0
Transmutations | 3 4 |  4.9
Spellcasting   | |  2.0

Action                   |  1- 3 |  4- 6 |  7- 9 || total
-------------------------+-------+-------+-------++-------
Melee: Unarmed           |    82 |    89 |   257 ||   428
       Constrict         |    19 |    18 |    67 ||   104
       Kick              |    17 |    22 |    71 ||   110
       Tentacles         |     5 |    13 |    55 ||    73
       Punch             |     1 |     1 |    13 ||    15
 Cast: Beastly Appendage |    20 |    22 |    34 ||    76
       Wereblood         |     2 |     1 |     1 ||     4
       Spider Form       |     1 |     2 |     7 ||    10
  Use: Scroll            |     1 |       |     6 ||     7
       Potion            |     1 |     1 |     3 ||     5
 Stab: Sleeping          |    10 |     7 |     8 ||    25
       Distracted        |       |       |     1 ||     1
Armor: Skin              |    54 |     5 |    12 ||    71
Dodge: Dodged            |    57 |    65 |   176 ||   298

Table legend: (Time is in decaauts)
 A = Elapsed time spent in this place.
 B = Non-inter-level travel time spent in this place.
 C = Inter-level travel time spent in this place.
 D = Time resting spent in this place.
 E = Time spent auto-exploring this place.
 F = Levels seen in this place.
 G = Mean time per level.
                   A        B        C        D        E       F      G
               +--------+--------+--------+--------+--------+-----+--------+
         Total |   7476 |   7317 |    159 |    690 |   5539 |   8 |  934.5 |
       Dungeon |   6961 |   6802 |    159 |    690 |   5160 |   7 |  994.4 |
       Ossuary |    514 |    514 |      0 |      0 |    379 |   1 |  514.0 |
               +--------+--------+--------+--------+--------+-----+--------+

Top non-repeatable levels by time:
     D:5: 1683 daAuts
     D:2: 1654 daAuts
     D:4: 1327 daAuts
     D:3: 1216 daAuts
     D:1: 975 daAuts
 Ossuary: 514 daAuts
     D:6: 65 daAuts
     D:8: 39 daAuts
